 Dungeon Crawl Stone Soup version 0.27-a0-604-g29a88b33a7 (webtiles) character file.

Game seed: 1371711454513271597

230 spiderkeys the Grave Robber (level 5, -8/45 HPs)
             Began as a Deep Dwarf Necromancer on Mar 12, 2021.
             Mangled by an ogre
             ... wielding a +0 giant club
              (26 damage)
             ... on level 4 of the Dungeon.
             The game lasted 00:09:46 (3391 turns).

spiderkeys the Grave Robber (DDNe)                  Turns: 3391, Time: 00:09:47

Health: -8/45      AC:  5    Str: 11    XL:     5   Next: 72%
Magic:  7/7        EV: 11    Int: 17    God:
Gold:   166        SH:  0    Dex: 13    Spells: 2/7 levels left

rFire    . . .     SeeInvis .   a - +0 dagger (elec)
rCold    . . .     Faith    .   (no shield)
rNeg     . . .     Spirit   .   f - +0 ring mail
rPois    .         Reflect  .   (no helmet)
rElec    .         Harm     .   (no cloak)
rCorr    .         Rampage  .   (no gloves)
Will     .....                  (no boots)
Stlth    +.........             (no amulet)
HPRegen  0.00/turn              (no ring)
MPRegen  0.10/turn              (no ring)

@: non-regenerating
A: damage resistance, heal wounds, sense surroundings 1, no regeneration
a: Heal Wounds


You were on level 4 of the Dungeon.
You visited 1 branch of the dungeon, and saw 4 of its levels.

You collected 166 gold pieces.

Inventory:

Hand Weapons
 a - a +0 dagger of electrocution (weapon)
Armour
 f - a +0 ring mail (worn)
Scrolls
 b - 2 scrolls of blinking
 g - a scroll of magic mapping {unknown}
 i - 2 scrolls of identify {unknown}
 j - a scroll of fog {unknown}
 l - a scroll of teleportation {unknown}
 m - 2 scrolls of amnesia {unknown}
 n - a scroll of immolation {unknown}
 o - a scroll of noise {unknown}
Potions
 c - 2 potions of heal wounds
 d - 3 potions of attraction {unknown}
 e - a potion of haste
 h - 4 potions of curing {unknown}
 k - a potion of might {unknown}
 p - a potion of magic {unknown}


   Skills:
 + Level 2.0 Fighting
 + Level 2.3 Armour
 + Level 3.5 Dodging
 - Level 2.4 Stealth
 - Level 1.7 Spellcasting
 * Level 6.0 Necromancy


You had 2 spell levels left.
You knew the following spells:

 Your Spells              Type           Power      Damage    Failure   Level
a - Pain                  Necr           84%        1d8       4%          1
b - Animate Skeleton      Necr           42%        N/A       4%          1
c - Vampiric Draining     Necr           10%        2d7       12%         3

Your spell library contained the following spells:

 Spells                   Type           Power      Damage    Failure   Level
 Animate Dead             Necr           10%        N/A       36%         4
 Agony                    Necr           21%        N/A       73%         5


Dungeon Overview and Level Annotations

Branches:
Dungeon (4/15)
 Temple: D:4-7

Altars:


Innate Abilities, Weirdness & Mutations

You are resistant to damage.
You can heal yourself by infusing magical energy.
You passively map a small area around you.
You do not regenerate.


Message History

A giant cockroach is nearby!
Casting: Pain (safe; 4% risk of failure)
Confirm with . or Enter, or press ? or * to list all spells.
Aiming: Vampiric Draining (dangerous; 12% risk of failure)
Press: ? - help, Shift-Dir - straight line, f - giant cockroach
Aim: a giant cockroach You draw life force from the giant cockroach!
You kill the giant cockroach!
You feel life coursing into your body.
An ogre comes into view. It is wielding a +0 giant club.
Casting: Vampiric Draining (dangerous; 12% risk of failure)
Confirm with . or Enter, or press ? or * to list all spells.
You attempt to give life to the dead...
Before your eyes, flesh is ripped from the corpse!
The dead are walking!
Casting: Animate Skeleton (safe; 4% risk of failure)
Confirm with . or Enter, or press ? or * to list all spells.
You don't know that spell.
Casting: Animate Skeleton (safe; 4% risk of failure)
Confirm with . or Enter, or press ? or * to list all spells.
There is nothing nearby to animate!
Things that are here:
a +0 hand axe; a +0 leather armour; an orc skeleton
There is a stone staircase leading up here.
What are your orders? t - Shout!
Orders for allies: a - Attack new target. r - Retreat! s - Stop attacking. g - Guard the area. f - Follow me.
Anything else - Cancel.
Gang up on whom?
Press: ? - help, Dir - move target, f - ogre
Aim: an ogre, wielding a +0 giant club Attack!
The ogre hits your orc skeleton with a +0 giant club.
Your orc skeleton is destroyed!
Unknown command.
The ogre hits you with a +0 giant club!!
Ouch! That really hurt!
You die...

..................
#.#..##...#..O..#
###.##.##†††#.#...#
#.......O.........#,
.####.#.##.##.........# ,
,......#.##.##...........
,......#.#####....!......
..##....O..##.......#.#.
, .........@.+..........#
, ,
........[..##.#........
..##.......##.#...#.###+
. *#....#####.#...#.# **
, #....., , , * #....# *
, #....# , , #.... * , ,
.....


You could see an ogre.

Vanquished Creatures
  Natasha (twice) (D:3)
  2 worker ants (D:4)
  A gnoll (D:1)
  4 adders
  An ooze (D:1)
  2 worms (D:2)
  2 dart slugs (D:2)
  A leopard gecko (D:2)
  9 orcs
  3 giant cockroaches
  11 goblins
  6 hobgoblins
  9 kobolds
  3 quokkas (D:2)
  A ball python (D:2)
  7 bats
  6 rats
70 creatures vanquished.

Vanquished Creatures (collateral kills)
  A bat (D:2)
  A frilled lizard (D:2)
2 creatures vanquished.

Grand Total: 72 creatures vanquished

Notes
Turn   | Place    | Note
-------+----------+-------------------------------------------
     0 | D:1      | spiderkeys the Deep Dwarf Necromancer began the quest for
                  | the Orb.
     0 | D:1      | Reached XP level 1. HP: 15/15 MP: 3/3
   238 | D:1      | Learned a level 1 spell: Animate Skeleton
   396 | D:1      | Reached XP level 2. HP: 20/24 MP: 1/4
   620 | D:1      | Reached skill level 1 in Armour
  1068 | D:2      | Reached XP level 3. HP: 15/30 MP: 1/5
  1280 | D:2      | Reached skill level 5 in Necromancy
  1284 | D:2      | Reached skill level 1 in Fighting
  1563 | D:2      | Reached XP level 4. HP: 25/38 MP: 2/6
  1851 | D:2      | Found a faded altar of an unknown god.
  2422 | D:2      | Learned a level 3 spell: Vampiric Draining
  2955 | D:3      | Noticed Natasha
  2985 | D:3      | Killed Natasha
  2986 | D:3      | Reached XP level 5. HP: 15/45 MP: 1/7
  2986 | D:3      | Noticed Natasha
  2998 | D:3      | Killed Natasha
  3277 | D:4      | Reached skill level 6 in Necromancy
  3372 | D:4      | Noticed an ogre
  3391 | D:4      | Mangled by an ogre

Illustrated notes

Levels and vault maps discovered:
D:1:      dpeg_arrival_central, layout_basic, serial_forest,
          infiniplex_forest_clump_large, infiniplex_forest_zigzag_1,
          infiniplex_forest_side_room, infiniplex_forest_3_way,
          infiniplex_forest_clump_small, infiniplex_forest_zigzag_1,
          infiniplex_forest_end_2
D:2:      layout_rooms, chequers_ecumenical_altar_simple,
          chequers_serial_rivers_micro_d, minmay_misc_feat_rows, st_stairs_4,
          minmay_pentomino_p4
D:3:      kennysheep_six_static_rooms, layout_rooms, minmay_liquid_box,
          uniq_natasha
D:4:      lemuel_castle_with_subvaults [lemuel_castle_interior_carwin_2],
          layout_basic, gammafunk_temple_overflow_statue

Skill      XL: |  1  2  3  4  5 |
---------------+----------------+-----
Armour         | 1 2 |  2.3
Necromancy     | 5 6 |  6.0
Fighting       | 1 2 |  2.0
Dodging        | 3 |  3.5
Stealth        | |  2.4
Spellcasting   | |  1.7

Action                   |  1- 3 |  4- 6 || total
-------------------------+-------+-------++-------
Melee: Dagger            |    31 |    13 ||    44
 Cast: Pain              |    60 |    65 ||   125
       Animate Skeleton  |     8 |     3 ||    11
       Vampiric Draining |       |     6 ||     6
  Use: Scroll            |     1 |       ||     1
       Potion            |     1 |       ||     1
Armor: Ring mail         |    11 |     7 ||    18
Dodge: Dodged            |    23 |    18 ||    41

Table legend: (Time is in decaauts)
 A = Elapsed time spent in this place.
 B = Non-inter-level travel time spent in this place.
 C = Inter-level travel time spent in this place.
 D = Time resting spent in this place.
 E = Time spent auto-exploring this place.
 F = Levels seen in this place.
 G = Mean time per level.
                   A        B        C        D        E       F      G
               +--------+--------+--------+--------+--------+-----+--------+
         Total |   3395 |   3340 |     55 |    366 |   2352 |   4 |  848.8 |
       Dungeon |   3395 |   3340 |     55 |    366 |   2352 |   4 |  848.8 |
               +--------+--------+--------+--------+--------+-----+--------+

Top non-repeatable levels by time:
     D:2: 1247 daAuts
     D:1: 1185 daAuts
     D:3: 678 daAuts
     D:4: 284 daAuts
